 Dungeon Crawl Stone Soup version 0.24.0-41-g2ae2f7f1be (webtiles) character file.

Game seed: 50469801731368552, levelgen mode: deterministic

5753389 HawkI the Axe Maniac (level 27, 273/273 HPs)
             Began as a Hill Orc Fighter on Dec 12, 2019.
             Was a High Priest of Zin.
             Escaped with the Orb
             ... and 10 runes on Dec 15, 2019!
             The game lasted 11:52:06 (146243 turns).

HawkI the Axe Maniac (Hill Orc Fighter)           Turns: 146243, Time: 11:52:06

Health: 273/273    AC: 48    Str: 32    XL:     27
Magic:  40/40      EV: 23    Int: 11    God:    Zin [*****.]
Gold:   3771       SH: 36    Dex: 15    Spells: 32/34 levels left

rFire    + + .     SeeInvis .   e - +8 sacred scourge (holy)
rCold    + + .     Gourm    .   F - +2 large shield
rNeg     + + .     Faith    .   I - +8 gold dragon scales
rPois    +         Spirit   .   N - +2 helmet {Int+3}
rElec    .         Reflect  +   b - scarf {rC+ rF+}
rCorr    .         Harm     .   K - +3 pair of gauntlets of War {Slay+5}
MR       ++++.                  p - +2 pair of boots {Fly}
Stlth    ..........             Y - +6 amulet of reflection
HPRegen  0.55/turn              J - ring "Eleduiff" {*Slow rN+ MR++ Dex+5}
MPRegen  0.27/turn              U - ring of positive energy

@: flying
A: no striking features
0: Orb of Zot
}: 10/15 runes: serpentine, barnacled, slimy, silver, abyssal, demonic, glowing,
magical, fiery, dark
a: Recite, Vitalisation, Imprison, Sanctuary, Donate Gold, Renounce Religion,
Stop Flying


You escaped.
You worshipped Zin.
Zin was extremely pleased with you.
You were full.

You visited 18 branches of the dungeon, and saw 72 of its levels.
You visited Pandemonium 5 times, and saw 20 of its levels.
You visited the Abyss 4 times.

You collected 13226 gold pieces.
You spent 7488 gold pieces at shops.
You donated 1967 gold pieces to Zin.

Inventory:

Hand Weapons
 a - the +7 broad axe "Arcanum" {chop, rElec Dex+2}
   (You bought it in a shop on level 4 of the Vaults)

   It inflicts extra damage upon your enemies.
   It affects your dexterity (+2).
   It insulates you from electricity.
 c - the +7 hand axe "Vafug" {venom, Int+6}
   (You found it on level 3 of the Abyss)

   It poisons the flesh of those it strikes.
   It affects your intelligence (+6).
 e - a +8 sacred scourge of holy wrath (weapon)
Armour
 b - a scarf of resistance (worn)
 p - a +2 pair of boots of flying (worn)
 F - a +2 large shield (worn)
 I - +8 gold dragon scales (worn)
 K - the +3 pair of gauntlets of War (worn) {Slay+5}
   (You bought it in a shop on level 2 of the Orcish Mines)

   It affects your accuracy and damage with ranged weapons and melee attacks
   (+5).
 N - a +2 helmet of intelligence (worn)
Jewellery
 n - an uncursed ring of resist corrosion
 o - the ring "Gatzecs" {rPois rN+ Int+5 Dex+4}
   (You found it in Pandemonium)

   [ring of intelligence]

   It affects your intelligence (+5).
   It affects your dexterity (+4).
   It protects you from poison.
   It protects you from negative energy.
 t - an uncursed ring of protection from fire
 H - an uncursed ring of see invisible
 J - the ring "Eleduiff" (left hand) {*Slow rN+ MR++ Dex+5}
   (You took it off a death knight on level 3 of the Crypt)

   [ring of positive energy]

   It affects your dexterity (+5).
   It protects you from negative energy.
   It affects your resistance to hostile enchantments.
   It may slow you when you take damage.
 S - an uncursed ring of protection from cold
 U - a ring of positive energy (right hand)
 Y - a +6 amulet of reflection (around neck)
 Z - an uncursed ring of protection from magic
Wands
 d - a wand of paralysis (25)
 j - a wand of enslavement (6)
 m - a wand of iceblast (91)
 v - a wand of acid (28)
 w - a wand of flame (214)
 B - a wand of digging (5)
 D - a wand of disintegration (30)
Scrolls
 g - 22 scrolls of teleportation
 k - 11 scrolls of fear
 l - a scroll of summoning
 G - 8 scrolls of identify
 Q - 4 scrolls of magic mapping
 V - a scroll of holy word
 X - a scroll of silence
Potions
 h - 9 potions of curing
 q - a potion of invisibility
 r - 3 potions of agility
 u - a potion of might
 z - 4 potions of ambrosia
 A - 3 potions of resistance
 L - 2 potions of mutation
 P - 6 potions of brilliance
 T - 8 potions of haste
 W - 8 potions of cancellation
Miscellaneous
 i - 4 phantom mirrors
 y - a phial of floods
 E - a fan of gales
 M - a lamp of fire
 R - a lightning rod (4/4)
Comestibles
 f - 19 rations


   Skills:
 O Level 27 Fighting
 O Level 27 Axes
 + Level 24.8(27) Maces & Flails
 O Level 27 Armour
 O Level 27 Dodging
 - Level 5.2 Stealth
 O Level 27 Shields
 - Level 4.3 Spellcasting
 O Level 27 Invocations
 - Level 18.0 Evocations


You had 32 spell levels left.
You knew the following spells:

 Your Spells              Type           Power        Failure   Level  Hunger
a - Song of Slaying       Chrm           #.......     85%         2    ##.....

Your spell library contained the following spells:

 Spells                   Type           Power        Failure   Level  Hunger
 Animate Skeleton         Necr           N/A          71%         1    #......
 Apportation              Tloc           #.....       71%         1    #......
 Beastly Appendage        Tmut           #.....       71%         1    #......
 Corona                   Hex            #......      71%         1    #......
 Flame Tongue             Conj/Fire      #....        71%         1    #......
 Freeze                   Ice            #...         71%         1    #......
 Infusion                 Chrm           #...         71%         1    #......
 Magic Dart               Conj           #...         71%         1    #......
 Pain                     Necr           #...         71%         1    #......
 Sandblast                Erth           #.....       71%         1    #......
 Shock                    Conj/Air       #...         71%         1    #......
 Sting                    Conj/Pois      #...         71%         1    #......
 Summon Butterflies       Summ           #.......     71%         1    #......
 Summon Small Mammal      Summ           #...         71%         1    #......
 Blink                    Tloc           N/A          85%         2    ##.....
 Call Imp                 Summ           #.......     85%         2    ##.....
 Corpse Rot               Necr           N/A          85%         2    ##.....
 Ensorcelled Hibernation  Hex/Ice        #.....       85%         2    ##.....
 Passwall                 Tmut/Erth      #.......     85%         2    ##.....
 Poisonous Vapours        Pois/Air       #.....       85%         2    ##.....
 Shroud of Golubria       Chrm/Tloc      #.....       85%         2    ##.....
 Slow                     Hex            #.......     85%         2    ##.....
 Sticks to Snakes         Tmut           #.......     85%         2    ##.....
 Sublimation of Blood     Necr           #.........   85%         2    ##.....
 Swiftness                Chrm/Air       #.......     85%         2    ##.....
 Throw Frost              Conj/Ice       #.....       85%         2    ##.....
 Call Canine Familiar     Summ           #.......     97%         3    ###....
 Confuse                  Hex            #.......     97%         3    ###....
 Conjure Flame            Conj/Fire      #.......     97%         3    ###....
 Gell's Gravitas          Tloc           #.........   97%         3    ###....
 Ignite Poison            Fire/Tmut/Pois #.......     97%         3    ###....
 Inner Flame              Hex/Fire       #.......     97%         3    ###....
 Lesser Beckoning         Tloc           #.........   97%         3    ###....
 Mephitic Cloud           Conj/Pois/Air  #.......     97%         3    ###....
 Ozocubu's Armour         Chrm/Ice       #.......     97%         3    ###....
 Portal Projectile        Hex/Tloc       #.....       97%         3    ###....
 Recall                   Summ/Tloc      N/A          97%         3    ###....
 Regeneration             Chrm/Necr      #.........   97%         3    ###....
 Spectral Weapon          Hex/Chrm       #.......     97%         3    ###....
 Spider Form              Tmut/Pois      #.........   97%         3    ###....
 Static Discharge         Conj/Air       #.......     97%         3    ###....
 Stone Arrow              Conj/Erth      #.....       97%         3    ###....
 Summon Guardian Golem    Hex/Summ       #.......     97%         3    ###....
 Teleport Other           Tloc           #.......     97%         3    ###....
 Tukima's Dance           Hex            #.......     97%         3    ###....
 Vampiric Draining        Necr           #.........   97%         3    ###....
 Airstrike                Air            #.........   100%        4    #####..
 Animate Dead             Necr           N/A          100%        4    #####..
 Cause Fear               Hex            #.........   100%        4    #####..
 Ice Form                 Ice/Tmut       #.......     100%        4    #####..
 Leda's Liquefaction      Hex/Erth       #.........   100%        4    #####..
 Olgreb's Toxic Radiance  Pois           #.......     100%        4    #####..
 Petrify                  Tmut/Erth      #.......     100%        4    #####..
 Sticky Flame             Conj/Fire      #.......     100%        4    #####..
 Summon Ice Beast         Ice/Summ       #.......     100%        4    #####..
 Summon Lightning Spire   Summ/Air       #.......     100%        4    #####..
 Throw Icicle             Conj/Ice       #.......     100%        4    #####..
 Agony                    Necr           #.......     100%        5    ######.
 Alistair's Intoxication  Tmut/Pois      #.......     100%        5    ######.
 Aura of Abjuration       Summ           #.........   100%        5    ######.
 Blade Hands              Tmut           #.........   100%        5    ######.
 Bolt of Magma            Conj/Fire/Erth #.........   100%        5    ######.
 Borgnjor's Vile Clutch   Necr/Erth      #.........   100%        5    ######.
 Dispel Undead            Necr           #.......     100%        5    ######.
 Irradiate                Conj/Tmut      #.........   100%        5    ######.
 Lee's Rapid Deconstruct  Erth           #.........   100%        5    ######.
 Lightning Bolt           Conj/Air       #.........   100%        5    ######.
 Metabolic Englaciation   Hex/Ice        #.........   100%        5    ######.
 Silence                  Hex/Air        #.........   100%        5    ######.
 Summon Demon             Summ           #.........   100%        5    ######.
 Summon Forest            Summ/Tloc      #.........   100%        5    ######.
 Summon Mana Viper        Hex/Summ       #.......     100%        5    ######.
 Venom Bolt               Conj/Pois      #.........   100%        5    ######.
 Yara's Violent Unravell  Hex/Tmut       #.........   100%        5    ######.
 Bolt of Cold             Conj/Ice       #.........   100%        6    #######
 Bolt of Fire             Conj/Fire      #.........   100%        6    #######
 Conjure Ball Lightning   Conj/Air       #.........   100%        6    #######
 Darkness                 Hex            #.........   100%        6    #######
 Death Channel            Necr           #.........   100%        6    #######
 Deflect Missiles         Chrm/Air       #.........   100%        6    #######
 Freezing Cloud           Conj/Ice/Air   #.........   100%        6    #######
 Hydra Form               Tmut           #.........   100%        6    #######
 Invisibility             Hex            #.......     100%        6    #######
 Iron Shot                Conj/Erth      #.........   100%        6    #######
 Ozocubu's Refrigeration  Ice            #.........   100%        6    #######
 Shadow Creatures         Summ           N/A          100%        6    #######
 Simulacrum               Ice/Necr       #.........   100%        6    #######
 Dragon Form              Tmut           #.........   100%        7    #######
 Malign Gateway           Summ/Tloc      #.........   100%        7    #######
 Monstrous Menagerie      Summ           #.........   100%        7    #######
 Ring of Flames           Chrm/Fire      #.........   100%        7    #######
 Summon Greater Demon     Summ           #.........   100%        7    #######
 Summon Hydra             Summ           #.........   100%        7    #######
 Discord                  Hex            #.........   100%        8    #######
 Summon Horrible Things   Summ           #.........   100%        8    #######
 Dragon's Call            Summ           #.........   100%        9    #######
 Tornado                  Air            #.........   100%        9    #######
 Passage of Golubria      Tloc           Unusable     N/A         4    N/A

Dungeon Overview and Level Annotations

Branches:
Dungeon (15/15)            Temple (1/1) D:6            Lair (6/6) D:8
 Shoals (4/4) Lair:2        Snake (4/4) Lair:4        Slime (5/5) Lair:6
    Orc (2/2) D:10            Elf (3/3) Orc:2        Vaults (5/5) D:14
  Crypt (3/3) Vaults:3       Tomb (1/3) Crypt:3      Depths (5/5) D:15
   Hell (visited)             Dis (2/7) Hell            Geh (3/7) Hell
    Coc (2/7) Hell            Tar (5/7) Hell            Zot (5/5) Depths:5

Altars:
Ashenzari
Cheibriados
Dithmenos
Elyvilon
Fedhas
Gozag
Hepliaklqana
Kikubaaqudgha
Makhleb
Nemelex Xobeh
Okawaru
Qazlal
Ru
Sif Muna
Trog
Uskayaw
Vehumet
Wu Jian
Xom
Yredelemnul
Zin
The Shining One
Beogh
Jiyva

Shops:
D:8 !   Orc:2 [([:::?:   Shoals:2 [   Snake:2 *}(   Snake:3 *   Snake:4 (
Vaults:4 *=

Portals:
Hell: Depths:1 Depths:2 Depths:3 Depths:4 Depths:5
Abyss: Depths:2 Depths:4
Pandemonium: Depths:2 Depths:3
Ziggurat: Depths:3
Trove: Depths:5 (give 8 scrolls of blinking)

Annotations:
D:3 1 runed translucent door, GeorgeSoros's ghost, amateur OpTm
D:6 Menkaure


Message History

Level annotation: 1 runed translucent door, GeorgeSoros's ghost, amateur OpTm
There is a stone staircase leading down here.
You see here 16 stones.
There is a stone staircase leading up here.
You fly upwards.
There is a stone staircase leading down here.
Zin will no longer cleanse your potions of mutation.
You can't go up here!
There is a stone staircase leading up here.
You fly upwards.
An ice devil comes into view.
There is a stone staircase leading down here.
You hit the ice devil but do no damage.
You punish the ice devil, causing immense pain!!!
You kill the ice devil!
There is a stone staircase leading down here.
There is an open door here.
There is an open door here.
There is a staircase leading out of the dungeon here.
You have escaped!

# #..#####.#####.#####....####.#
###.....####.........####......#
.......##...####'####...######.#
#.#...##.####§≈≈≈≈§§####.## #.#
#.#.#.#.## #≈≈...§§# ##.# #.#
..#.###.# #.......# #.## #.#
.....#.#########+#########.###.#
[..)##.#..#...........#..#.#...#
#.#.##.'..'.....@.....+..'.###.#
#....#.#..#...........#..#.# #.#
.....#.#########'#########.# #.#
.....##.# #.......# #.## #.##
..#.###.## #§≈...≈≈# ##.# #...
..#># ##.####≈≈≈≈≈≈≈####.## ####
.#..# #.#...#########...##
###.###.####.........#### #
##.......#####.#####.#


There were no monsters in sight!

Vanquished Creatures
  Cerebov (Pan)
  the Royal Jelly (Slime:5)
  Gloorx Vloq (Pan)
  Lom Lobon (Pan)
  Mnoleg (Pan)
  5 orbs of fire
  Mara (Vaults:4)
  Mennas (Crypt:3)
  10 pandemonium lords
  6 ancient liches
  Sojobo (Vaults:4)
  3 Killer Klowns (Zot:5)
  Frederick (Tomb:1)
  5 shard shrikes (Coc:1)
  Bai Suzhen (Snake:2)
  Margery (Depths:1)
  A curse toe (Zot:5)
  Vashnia (Snake:3)
  Geryon (Hell)
  A profane servitor (Abyss:3)
  Nikola (Elf:2)
  Jory (Tomb:1)
  9 golden dragons
  A pearl dragon (Pan)
  12 doom hounds
  20 bone dragons
  39 Tzitzimimeh
  21 Brimstone Fiends
  4 hellephants
  2 electric golems (Zot:5)
  22 tentacled monstrosities
  Rupert (Orc:1)
  20 Ice Fiends
  26 Orb Guardians (Zot:5)
  7 Hell Sentinels
  9 liches
  3 titans
  2 quicksilver dragons
  13 sphinxes
  A deep elf master archer (Elf:3)
  3 ancient champions
  24 acid blobs
  3 deep elf blademasters
  5 death cobs
  23 tentacled starspawn
  An eldritch tentacle (Coc:1)
  2 krakens
  27 Executioners
  Agnes (Elf:2)
  16 storm dragons
  Donald (Elf:2)
  17 shadow dragons
  8 draconian monks
  15 azure jellies
  8 tengu reavers
  A revenant (Crypt:3)
  13 fire giants
  18 daevas
  9 nagarajas
  7 deep elf sorcerers
  16 frost giants
  6 ghost moths
  35 balrugs
  3 iron dragons
  5 deep elf elementalists
  2 orc warlords
  Louise (Snake:1)
  17 vault wardens
  Aizul (Snake:3)
  8 draconian shifters
  22 cacodemons
  8 warmongers (Pan)
  A juggernaut zombie (Hell)
  3 draconian scorchers
  4 draconian knights
  2 curse skulls (Pan)
  48 reapers
  An elemental wellspring (Coc:1)
  11 ghouls
  16 angels
  9 draconian stormcallers
  A caustic shrike zombie (Hell)
  12 ironheart preservers
  5 draconian annihilators
  31 very ugly things
  16 blood saints
  9 war gargoyles
  8 corrupters
  A spriggan defender (Depths:3)
  21 apis (Pan)
  12 ophanim
  11 vampire knights
  9 green draconians
  23 stone giants
  12 black draconians
  10 black suns (Pan)
  15 deep elf demonologists
  12 white draconians
  Azrael (D:12)
  14 lorocyprocas
  18 deep elf annihilators
  10 yellow draconians
  7 purple draconians
  7 dire elephants
  12 red draconians
  9 spark wasps
  5 eidola
  22 green deaths
  18 ettins
  A crystal guardian (D:14)
  5 merfolk javelineers (Shoals:4)
  13 deep elf death magi
  18 jiangshi
  5 quicksilver dragon zombies
  29 blizzard demons
  7 death oozes
  4 mummy priests
  7 merfolk impalers
  11 fire dragons
  4 deep elf high priests
  21 yaktaur captains
  A fire dragon (shapeshifter) (Vaults:5)
  A kraken zombie (Coc:1)
  3 quicksilver dragon skeletons
  Harold (Orc:1)
  28 vault guards
  21 ice dragons
  6 hell beasts
  26 great orbs of eyes
  9 naga warriors
  4 hydras (D:15)
  Josephine (D:15)
  A merfolk avatar (Shoals:4)
  15 rakshasas
  62 two-headed ogres
  A ghost crab (Tar:4)
  3 spriggan air magi
  11 monstrous demonspawn (Pan)
  An alligator snapping turtle (Shoals:4)
  4 merfolk aquamancers
  2 satyrs (Shoals:4)
  An alligator (shapeshifter) (Vaults:2)
  13 anacondas
  16 centaur warriors
  31 dancing weapons
  9 death knights
  25 ogre magi
  The ghost of Esos the Slicer, a novice DgIE (D:10)
  6 death yaks (Lair:6)
  33 hell hogs
  3 deep troll shamans
  5 death scarabs (Tomb:1)
  14 vampire magi
  8 deep troll earth magi
  A spriggan berserker (Depths:4)
  10 tengu warriors
  4 orc high priests
  32 thrashing horrors
  19 naga sharpshooters
  4 titan zombies
  18 deep elf knights
  76 sun demons
  6 titan skeletons
  2 iron golems (Hell)
  4 shock serpents
  47 soul eaters
  Nergalle (Lair:3)
  27 hell knights
  26 wretched stars
  2 salamander mystics
  50 sixfirhies
  9 spatial maelstroms
  6 sea snakes
  10 shadow wraiths
  26 deep trolls
  117 skeletal warriors
  4 storm dragon zombies
  7 anaconda zombies
  7 storm dragon skeletons
  12 cherubim
  A ghost moth zombie (Coc:2)
  4 golden dragon zombies
  A death drake (Tar:1)
  10 gelid demonspawn (Pan)
  7 torturous demonspawn
  13 glowing orange brains
  20 shadow demons
  8 unseen horrors
  10 ironbrand convokers
  2 tengu zombies
  2 golden dragon skeletons (Coc:1)
  16 infernal demonspawn (Pan)
  A shadow dragon zombie (Hell)
  4 naga ritualists
  18 phantasmal warriors
  10 flayed ghosts
  20 deep elf archers
  A kraken simulacrum (Hell)
  9 anaconda skeletons
  10 wizards
  4 wolf spider zombies
  4 mana vipers
  28 orc knights
  4 iron dragon zombies
  16 necromancers
  5 frost giant zombies
  8 orc sorcerers
  74 deep elf magi
  18 harpies
  11 manticores
  A mana viper (shapeshifter) (Depths:5)
  20 cyclopes
  A shining eye (shapeshifter) (Vaults:5)
  32 ugly things
  9 stone giant zombies
  5 wolf spiders
  2 manticores (shapeshifter)
  6 shadow dragon skeletons
  10 salamanders
  8 frost giant skeletons
  3 fire giant zombies
  5 draconians (Abyss:4)
  26 elephants
  4 worldbinders
  3 iron dragon skeletons
  19 fauns
  A spriggan zombie (Hell)
  25 moths of wrath
  2 toenail golems
  3 guardian serpents
  A water nymph (shapeshifter) (Vaults:5)
  Maurice (D:13)
  3 dire elephant zombies
  12 shining eyes
  2 elf zombies
  22 rust devils
  2 apocalypse crabs (Abyss:1)
  5 merfolk sirens
  3 stone giant skeletons
  14 vault sentinels
  28 naga magi
  33 orange demons
  74 smoke demons
  8 spiny frogs
  A torpor snail (shapeshifter) (Vaults:5)
  26 black mambas
  3 gargoyles
  3 dire elephant skeletons
  2 water nymphs (Shoals:3)
  6 fire giant skeletons
  2 ice statues (Hell)
  A torpor snail (Lair:6)
  3 eyes of devastation
  5 yaktaur zombies
  2 shock serpent skeletons
  A catoblepas zombie (Dis:1)
  A yellow draconian zombie (Tar:2)
  2 molten gargoyles (Hell)
  28 hellions
  3 kobold demonologists
  2 rime drakes (Lair:6)
  A redback zombie (D:15)
  2 silent spectres
  10 komodo dragons
  An iron troll zombie (Crypt:2)
  54 tormentors
  11 efreet
  An emperor scorpion zombie (Coc:2)
  37 freezing wraiths
  42 yaktaurs
  18 ice devils
  33 demonic crawlers
  An anaconda simulacrum (Hell)
  25 ancient zymes
  31 merfolk
  11 guardian mummies
  A green draconian skeleton (Crypt:2)
  8 hydra zombies
  33 hellwings
  A queen bee (shapeshifter) (Vaults:1)
  9 trolls
  4 harpy zombies
  49 red devils
  5 tengu conjurers
  4 polar bears
  A hornet (shapeshifter) (Abyss:3)
  2 trolls (shapeshifter)
  A merfolk (shapeshifter) (D:15)
  2 harpy skeletons
  10 hornets
  33 blink frogs
  3 wolf spider simulacra
  A tyrant leech (Abyss:4)
  6 hydra skeletons
  13 hippogriffs
  106 large abominations
  129 slime creatures
  39 raiju
  10 fire dragon zombies
  A blink frog (shapeshifter) (Abyss:4)
  4 bog bodies
  A tengu simulacrum (Vaults:1)
  6 ice dragon zombies
  3 ettin zombies
  3 alligator zombies
  2 dream sheep (Lair:6)
  13 snapping turtles
  2 alligator skeletons
  156 flying skulls
  A fire giant simulacrum (Coc:1)
  A frost giant simulacrum (Coc:1)
  5 air elementals
  2 centaur simulacra
  3 fire dragon skeletons
  A spriggan (shapeshifter) (Depths:3)
  4 ice dragon skeletons
  6 ettin skeletons
  A tarantella (shapeshifter) (Depths:1)
  A shock serpent simulacrum (Crypt:1)
  52 ynoxinuls
  36 shadows
  3 wyverns
  17 water elementals
  A dire elephant simulacrum (Coc:1)
  2 ushabtiu (Tomb:1)
  15 spriggans
  A wyvern (shapeshifter) (Vaults:2)
  An elf skeleton (Vaults:5)
  A black mamba skeleton (Pan)
  2 vampires
  47 chaos spawn
  22 wraiths
  25 yaks
  47 small abominations
  A human (D:9)
  11 fire bats
  3 basilisks
  31 fire elementals
  24 golden eyes
  65 neqoxecs
  A steam dragon (D:8)
  2 human simulacra
  9 hungry ghosts
  7 vampire mosquitoes (D:15)
  A warg (shapeshifter) (Vaults:4)
  3 insubstantial wisps (Abyss:3)
  43 nagas
  38 spatial vortices
  5 acid dragons
  A hydra simulacrum (Abyss:1)
  12 wargs
  2 soldier ants (shapeshifter)
  5 floating eyes
  79 hell hounds
  5 spiny frog skeletons
  11 water moccasins
  A meliai simulacrum (D:10)
  60 orc warriors
  6 porcupines
  4 spiny frog zombies
  A swamp dragon zombie (Hell)
  A merfolk skeleton (Abyss:3)
  3 sky beasts
  4 manticore zombies
  9 phantoms
  6 black bears
  122 starcursed masses
  2 fire dragon simulacra
  An ice dragon simulacrum (Crypt:3)
  15 ice beasts
  3 alligator simulacra
  20 wolves
  An eye of draining (shapeshifter) (Depths:1)
  34 necrophages
  13 eyes of draining
  3 snapping turtle zombies
  12 boggarts
  A centaur (shapeshifter) (D:15)
  15 centaurs
  An orc skeleton (Vaults:1)
  51 ogres
  A human skeleton (Vaults:1)
  3 snapping turtle skeletons
  16 crocodiles
  2 manticore skeletons
  13 bullfrogs
  6 big kobolds
  7 human zombies
  10 earth elementals
  A spiny frog simulacrum (Hell)
  5 gnoll sergeants (D:10)
  2 wyvern zombies
  2 scorpions
  A water moccasin skeleton (D:8)
  An elf simulacrum (Vaults:2)
  13 killer bees
  4 electric eels (Elf:3)
  108 wights
  3 howler monkeys (D:7)
  A wolf skeleton (Crypt:1)
  17 crimson imps
  6 quasits
  4 centaur zombies
  32 orc priests
  15 jellies
  A bullfrog skeleton (D:9)
  7 hounds
  15 iron imps
  A black bear skeleton (Crypt:2)
  Jessica (D:3)
  5 centaur skeletons
  Terence (D:3)
  4 iguanas
  32 orc wizards
  17 worker ants
  2 killer bee zombies
  2 bullfrog simulacra (D:10)
  A dwarf skeleton (Crypt:2)
  A naga skeleton (Crypt:2)
  A hound zombie (D:9)
  10 mummies
  A howler monkey zombie (Crypt:1)
  Robin (D:3)
  2 howler monkey skeletons
  14 adders
  14 gnolls
  14 shadow imps
  7 white imps
  4 ufetubi
  2 oozes
  An adder zombie (D:7)
  A halfling zombie (Crypt:1)
  2 worms (D:3)
  2 ball lightnings (Pan)
  A dart slug (D:5)
  9 leopard geckos
  147 orcs
  A ball python (D:1)
  A bat skeleton (Crypt:2)
  3 giant cockroaches
  10 hobgoblins
  8 jackals
  4 quokkas
  5 bats
  A dart slug zombie (Crypt:1)
  7 frilled lizards
  2 gnoll zombies (D:7)
  12 goblins
  A hobgoblin zombie (Crypt:2)
  12 kobolds
  A kobold zombie (Coc:1)
  A leopard gecko skeleton (D:4)
  8 rats
  3 crawling corpses
  4 fungi
  50 pillars of salt
  13 plants
  31 starspawn tentacles
  A tentacle (Coc:1)
5610 creatures vanquished.

Vanquished Creatures (collateral kills)
  2 pandemonium lords (Pan)
  Khufu (Crypt:3)
  A golden dragon (Vaults:5)
  A profane servitor (Crypt:3)
  2 Brimstone Fiends (Pan)
  A pearl dragon (Pan)
  2 tentacled monstrosities (Vaults:5)
  A Tzitzimitl (Pan)
  Jorgrun (Snake:3)
  17 large abominations
  3 Hell Sentinels (Pan)
  An acid blob (Slime:5)
  A titan (Vaults:5)
  5 Executioners (Pan)
  A shadow dragon (Vaults:5)
  A storm dragon (Vaults:5)
  A nagaraja (Snake:3)
  3 daevas (Pan)
  3 balrugs (Pan)
  2 cacodemons (Pan)
  3 angels (Pan)
  An ironheart preserver (Vaults:4)
  2 ophanim (Pan)
  5 very ugly things
  2 blood saints (Pan)
  3 apis (Pan)
  2 lorocyprocas (Pan)
  2 black suns (Pan)
  2 deep elf annihilators
  An ettin (Vaults:5)
  4 green deaths (Pan)
  A deep elf death mage (Vaults:5)
  3 blizzard demons (Pan)
  A death ooze (Slime:5)
  A deep elf high priest (Vaults:5)
  5 jiangshi (Crypt:3)
  6 vault guards (Vaults:5)
  2 death knights (Crypt:3)
  A hell beast (Pan)
  A satyr (shapeshifter) (Vaults:5)
  An ogre mage (Vaults:5)
  3 two-headed ogres (Vaults:5)
  11 soul eaters (Pan)
  11 sun demons (Pan)
  3 shadow wraiths
  5 skeletal warriors
  A gelid demonspawn (Pan)
  3 sixfirhies (Pan)
  4 torturous demonspawn (Pan)
  An infernal demonspawn (Pan)
  3 cherubim (Pan)
  A phantasmal warrior (Vaults:5)
  A wizard (Pan)
  3 ugly things (Pan)
  A sphinx zombie (Crypt:1)
  A spectral fire dragon (Crypt:3)
  An iron dragon skeleton (Crypt:3)
  A rust devil (Pan)
  A vault sentinel (Vaults:5)
  A frost giant skeleton (Pan)
  A stone giant skeleton (Crypt:1)
  7 smoke demons (Pan)
  An orange demon (Pan)
  An ice devil (Pan)
  3 tormentors (Pan)
  4 demonic crawlers (Pan)
  2 yaktaurs (Vaults:5)
  4 red devils (Pan)
  A catoblepas skeleton (Pan)
  5 hellwings (Pan)
  7 ynoxinuls (Pan)
  A tarantella (shapeshifter) (Vaults:5)
  14 flying skulls
  4 neqoxecs (Pan)
  2 chaos spawn (Pan)
  5 eyes of draining (Pan)
  A small abomination (Crypt:3)
  A spiny frog skeleton (Crypt:3)
  A wight (Crypt:1)
  2 tengu skeletons
222 creatures vanquished.

Vanquished Creatures (others)
  A deep elf master archer (Elf:3)
  3 eldritch tentacles
  An Executioner (Pan)
  2 fire giants
  A warmonger (Pan)
  2 draconian annihilators
  A stone giant (Depths:4)
  4 yaktaur captains
  A naga warrior (Snake:4)
  3 centaur warriors
  A rakshasa (Pan)
  A hell hog (Hell)
  A deep troll earth mage (Depths:3)
  A shadow wraith (Vaults:3)
  A skeletal warrior (Coc:1)
  A wretched star (Abyss:4)
  An unseen horror (Abyss:4)
  A deep elf archer (Elf:1)
  A deep elf mage (Elf:1)
  A wolf spider (Vaults:2)
  A black mamba (Snake:4)
  3 smoke demons (Pan)
  9 yaktaurs
  A queen bee (D:13)
  2 meliai (D:13)
  3 blink frogs
  An air elemental (Elf:2)
  A flying skull (Coc:2)
  A shadow (D:14)
  A wyvern (D:15)
  A large abomination (Abyss:3)
  A neqoxec (Pan)
  A fire elemental (Geh:2)
  A chaos spawn (Pan)
  A spatial vortex (Abyss:4)
  2 nagas (Snake:3)
  An acid dragon (D:15)
  An eye of draining (D:13)
  An ogre (D:13)
  2 boggarts (Vaults:3)
  2 centaurs (Depths:2)
  A bullfrog (D:15)
  13 killer bees (D:13)
  A wight (D:12)
  A crimson imp (Abyss:3)
  An orc priest (Orc:1)
  A bullfrog skeleton (D:13)
  2 adders (Snake:3)
  A white imp (Coc:2)
  8 ball lightnings (Pan)
  4 orcs
  2 blocks of ice (Pan)
  4 demonic plants (Abyss:3)
  29 fungi
  3 lurking horrors (Abyss:3)
  54 pillars of salt
  35 plants
  45 starspawn tentacles
  43 tentacles
  3 withered plants (D:12)
317 creatures vanquished.

Grand Total: 6149 creatures vanquished

Notes
Turn   | Place    | Note
-------+----------+-------------------------------------------
     0 | D:1      | HawkI the Hill Orc Fighter began the quest for the Orb.
     0 | D:1      | Reached XP level 1. HP: 19/19 MP: 1/1
   363 | D:1      | Reached XP level 2. HP: 27/27 MP: 2/2
   776 | D:2      | Reached XP level 3. HP: 25/33 MP: 3/3
   850 | D:2      | Noticed an ogre
   860 | D:2      | Killed an ogre
   860 | D:2      | Reached XP level 4. HP: 30/40 MP: 4/4
   991 | D:2      | Found a faded altar of an unknown god.
  1029 | D:2      | Reached XP level 5. HP: 46/46 MP: 5/5
  1802 | D:3      | Noticed Terence
  1802 | D:3      | Noticed Robin
  1802 | D:3      | Noticed Jessica
  1811 | D:3      | Killed Terence
  1827 | D:3      | Killed Jessica
  1832 | D:3      | Reached skill level 5 in Axes
  1838 | D:3      | Killed Robin
  2177 | D:3      | Reached XP level 6. HP: 49/53 MP: 6/6
  2243 | D:3      | Found a runed translucent door.
  2248 | D:3      | Noticed GeorgeSoros's ghost (amateur OpTm)
  2610 | D:4      | Reached skill level 1 in Dodging
  2663 | D:4      | Found a stormy altar of Qazlal.
  2722 | D:4      | Reached XP level 7. HP: 51/60 MP: 7/7
  2838 | D:4      | Found a shimmering altar of Xom.
  3105 | D:5      | Entered Level 5 of the Dungeon
  3146 | D:5      | Reached skill level 1 in Stealth
  3489 | D:5      | Reached skill level 5 in Shields
  3684 | D:6      | Reached skill level 5 in Armour
  3689 | D:6      | Reached skill level 5 in Fighting
  3715 | D:6      | Found Gomozud's Food Shoppe.
  3769 | D:6      | Found a staircase to the Ecumenical Temple.
  3789 | Temple   | Entered the Ecumenical Temple
  3859 | Temple   | Became a worshipper of Elyvilon the Healer
  3893 | D:6      | Reached XP level 8. HP: 63/68 MP: 8/8
  3963 | D:6      | Noticed Menkaure
  4325 | D:6      | Found an iron altar of Okawaru.
  4478 | D:7      | Reached * piety under Elyvilon
  4882 | D:7      | Found a basalt altar of Yredelemnul.
  5106 | D:7      | Noticed a two-headed ogre
  5391 | D:7      | Reached XP level 9. HP: 61/75 MP: 9/9
  6206 | D:7      | Reached ** piety under Elyvilon
  6777 | D:8      | You fall into a shaft and drop 3 floors!
  6966 | D:11     | Reached skill level 10 in Axes
  7036 | D:11     | Noticed a two-headed ogre
  7086 | D:10     | Entered Level 10 of the Dungeon
  7257 | D:9      | You fall into a shaft and drop 1 floor!
  7560 | D:9      | Reached *** piety under Elyvilon
  7604 | D:8      | Found a staircase to the Lair.
  7625 | D:8      | Reached XP level 10. HP: 80/86 MP: 9/12
  7775 | D:8      | Reached skill level 5 in Invocations
  8019 | D:8      | Found a hazy altar of Hepliaklqana.
  8088 | D:8      | Found a sparkling altar of Nemelex Xobeh.
  8088 | D:8      | Found an opulent altar of Gozag.
  8130 | D:8      | Found Qoyriypn's Distillery.
  8867 | D:9      | Found a sacrificial altar of Ru.
  8869 | D:9      | Noticed a two-headed ogre
  8878 | D:9      | Killed a two-headed ogre
  9094 | D:10     | Noticed a two-headed ogre
  9101 | D:10     | Killed a two-headed ogre
  9101 | D:10     | Reached skill level 1 in Evocations
  9118 | D:10     | Reached XP level 11. HP: 66/92 MP: 15/15
  9235 | D:10     | Noticed an unseen horror
  9244 | D:10     | Killed an unseen horror
  9309 | D:10     | Reached **** piety under Elyvilon
  9318 | D:10     | Found a runed translucent gate.
  9318 | D:10     | Found a runed translucent gate.
  9319 | D:10     | Found a runed translucent gate.
  9403 | D:10     | Found a staircase to the Orcish Mines.
 10007 | D:10     | Noticed Esos's ghost (novice DgIE)
 10229 | D:11     | Noticed a manticore
 10240 | D:11     | Killed a manticore
 10997 | D:12     | Reached skill level 10 in Shields
 11277 | D:12     | Noticed a deep elf mage
 11290 | D:12     | Killed a deep elf mage
 11497 | D:11     | Killed a two-headed ogre
 11497 | D:11     | Reached XP level 12. HP: 100/104 MP: 16/16
 11523 | D:12     | Noticed Azrael
 11529 | D:12     | Noticed a frost giant
 11623 | Orc:1    | Entered Level 1 of the Orcish Mines
 11623 | Orc:1    | Noticed Harold
 11780 | Lair:1   | Entered Level 1 of the Lair of Beasts
 11801 | Lair:1   | Reached ***** piety under Elyvilon
 12503 | Lair:1   | Reached skill level 10 in Fighting
 12556 | Lair:1   | Noticed a seven-headed hydra
 12568 | Lair:1   | Pacified a seven-headed hydra
 12665 | Lair:1   | Reached skill level 15 in Axes
 13154 | Lair:1   | Pacified a seven-headed hydra
 13836 | Lair:2   | Found a staircase to the Shoals.
 14193 | Lair:2   | Found a sparkling altar of Nemelex Xobeh.
 14196 | Lair:2   | Noticed a six-headed hydra
 14197 | Lair:2   | Pacified a six-headed hydra
 14274 | Lair:2   | Got a fine cloak
 14358 | Lair:2   | Identified the +1 cloak of Apathy {Str+6 Int-5 Dex-4 SInv}
                  | (You found it on level 2 of the Lair of Beasts)
 14400 | Lair:2   | Reached XP level 13. HP: 108/115 MP: 17/17
 14753 | Lair:2   | You fall into a shaft and drop 2 floors!
 14756 | Lair:4   | Found a staircase to the Snake Pit.
 15073 | Lair:3   | Noticed Nergalle
 15077 | Lair:3   | Killed Nergalle
 15813 | D:12     | Noticed a vampire knight
 15917 | Orc:1    | Killed Harold
 16121 | Orc:1    | Noticed an orc warlord
 17037 | Lair:4   | Reached skill level 10 in Armour
 17960 | Lair:4   | Noticed a dire elephant
 17971 | Lair:4   | Killed a dire elephant
 18498 | Lair:5   | Found a dark tunnel.
 18544 | Lair:5   | Reached ****** piety under Elyvilon
 18545 | Lair:5   | You fall into a shaft and drop 1 floor!
 18545 | Lair:6   | Entered Level 6 of the Lair of Beasts
 18593 | Lair:5   | Reached XP level 14. HP: 119/127 MP: 19/19
 19150 | Lair:5   | Identified 2 scrolls of acquirement
 19154 | Lair:5   | Got a warped tin ring
 19160 | Lair:5   | Identified the ring "Hienag" {*Slow rC++ MR+ MP+9} (You
                  | acquired it on level 5 of the Lair of Beasts)
 19317 | Lair:6   | Found a staircase to the Slime Pits.
 20243 | Lair:6   | Paralysed by a hornet for 1 turns
 20733 | Lair:6   | Got a shimmering chain mail
 20827 | Lair:6   | Identified the +8 chain mail of the Suburbs {Int+4} (You
                  | found it on level 6 of the Lair of Beasts)
 21756 | D:10     | Killed an orc warlord
 22136 | Orc:1    | Paralysed by an orc sorcerer for 2 turns
 22182 | Orc:1    | You fall into a shaft and drop 1 floor!
 22182 | Orc:2    | Entered Level 2 of the Orcish Mines
 22666 | Orc:2    | Noticed Rupert
 22743 | Orc:1    | Killed Rupert
 22872 | Orc:2    | Found Caicin's Magic Scroll Shop.
 22892 | Orc:2    | Found Taleuh's Book Shoppe.
 22935 | Orc:2    | Found Zetism's Book Shop.
 23026 | Orc:2    | Reached XP level 15. HP: 135/137 MP: 20/20
 23030 | Orc:2    | Found a roughly hewn altar of Beogh.
 23099 | Orc:2    | Found a staircase to the Elven Halls.
 23342 | D:12     | Noticed a frost giant
 23372 | D:12     | Killed a frost giant
 23384 | D:12     | Killed a frost giant
 24267 | D:12     | Killed Azrael
 24504 | D:12     | Found a sparkling altar of Nemelex Xobeh.
 24747 | D:13     | Noticed Maurice
 24757 | D:13     | Killed Maurice
 26265 | D:14     | You fall into a shaft and drop 1 floor!
 26265 | D:15     | Entered Level 15 of the Dungeon
 26390 | D:15     | Found a staircase to the Depths.
 27673 | D:14     | Found a gate to the Vaults.
 27734 | D:15     | Noticed a fire giant
 27751 | D:15     | Killed a fire giant
 27759 | D:15     | Noticed Josephine
 28154 | D:15     | Found a sparkling altar of Nemelex Xobeh.
 28155 | D:15     | Found a sacrificial altar of Ru.
 28155 | D:15     | Found an iron altar of Okawaru.
 28250 | D:15     | Killed Josephine
 28260 | D:15     | Reached XP level 16. HP: 75/147 MP: 21/21
 28626 | D:15     | Reached skill level 15 in Fighting
 28753 | D:15     | Reached skill level 5 in Evocations
 29094 | D:15     | Reached skill level 15 in Shields
 30376 | Orc:2    | Found a roughly hewn altar of Beogh.
 30450 | Orc:2    | Found a roughly hewn altar of Beogh.
 30454 | Orc:2    | Found Firinwi's Book Boutique.
 30469 | Orc:2    | Found Mosic's Book Emporium.
 30531 | Orc:2    | Found a roughly hewn altar of Beogh.
 30538 | Orc:2    | Found Cuecwaop's Antique Armour Emporium.
 30646 | Orc:2    | Bought a glowing scarf for 248 gold pieces
 31132 | Orc:2    | Found a roughly hewn altar of Beogh.
 31387 | Orc:2    | Found Maitt's Antique Weapon Shoppe.
 31397 | Orc:2    | Found a roughly hewn altar of Beogh.
 31398 | Orc:2    | Found Falydgh's Antique Armour Emporium.
 31411 | Orc:2    | Bought a pair of embroidered boots for 262 gold pieces
 32009 | D:15     | Got an ancient garnet amulet
 32031 | D:15     | Identified the Grimoire of Ashen Feathers
 32175 | D:15     | Identified the amulet of Ujick {RegenMP rElec Stlth+} (You
                  | found it on level 15 of the Dungeon)
 32199 | D:15     | Got a scintillating bronze amulet
 32372 | Orc:2    | Bought a scroll of identify for 32 gold pieces
 32372 | Orc:2    | Identified the amulet "Tuefono" {Inacc rPois Int+5} (You
                  | found it on level 15 of the Dungeon)
 32385 | Orc:2    | Bought 2 scrolls of enchant weapon for 240 gold pieces
 32442 | Orc:2    | Bought a glowing plate armour for 910 gold pieces
 32442 | Orc:2    | Bought a runed chain mail for 262 gold pieces
 32692 | Snake:1  | Entered Level 1 of the Snake Pit
 32692 | Snake:1  | Noticed Louise
 32815 | Shoals:1 | Entered Level 1 of the Shoals
 33010 | D:10     | Killed Esos's ghost
 34027 | Lair:2   | Reached XP level 17. HP: 65/158 MP: 23/23
 35445 | Shoals:2 | Found Oredonn's Armour Emporium.
 36018 | Shoals:2 | Noticed a kraken
 36028 | Shoals:2 | Killed a kraken
 36058 | Shoals:2 | Bought a +2 plate armour of poison resistance for 666 gold
                  | pieces
 36373 | Shoals:3 | Noticed a kraken
 36393 | Shoals:3 | Killed a kraken
 37304 | Shoals:4 | Entered Level 4 of the Shoals
 37304 | Shoals:4 | Noticed a kraken
 37304 | Shoals:4 | Noticed a kraken
 37304 | Shoals:4 | Noticed a kraken
 37304 | Shoals:4 | Noticed a kraken
 38218 | Snake:1  | Killed Louise
 39183 | Snake:2  | Found a frozen archway.
 39211 | Snake:2  | Found Yquitoh's Antique Weapon Shop.
 39348 | Snake:2  | Reached XP level 18. HP: 159/170 MP: 24/24
 39442 | Snake:2  | Found Piefih's Assorted Antiques.
 39590 | Snake:2  | Found Ihouwn's Gadget Shoppe.
 40101 | Snake:3  | Noticed Jorgrun
 40116 | Snake:3  | Killed Jorgrun
 40344 | Snake:3  | Noticed Aizul
 40361 | Snake:3  | Killed Aizul
 40373 | Snake:3  | Noticed Vashnia
 40398 | Snake:3  | Noticed Bai Suzhen
 40400 | Snake:3  | Killed Vashnia
 41147 | Snake:3  | Found Oraiv's Assorted Antiques.
 41451 | Snake:2  | Killed Bai Suzhen
 41835 | Snake:4  | Entered Level 4 of the Snake Pit
 42021 | Snake:4  | Found Juosys's Weapon Emporium.
 42517 | Snake:2  | Bought a lightning rod (4/4) for 520 gold pieces
 43501 | Snake:4  | Reached XP level 19. HP: 114/179 MP: 25/25
 44741 | Snake:4  | Got a serpentine rune of Zot
 45534 | Shoals:4 | Got a barnacled rune of Zot
 45667 | Shoals:4 | Identified the +11 quarterstaff of Guile {freeze, *Rage
                  | rN+++ Str-3 SInv}
 45782 | Shoals:4 | Identified the +5 chain mail of the Country {rF+ Regen+
                  | Str+2}
 46615 | Shoals:4 | Reached skill level 15 in Armour
 47830 | Vaults:1 | Entered Level 1 of the Vaults
 48586 | Vaults:1 | Got an encrusted flail
 48641 | Vaults:1 | Reached XP level 20. HP: 158/189 MP: 27/27
 48722 | Vaults:1 | Reached skill level 5 in Stealth
 49181 | Snake:2  | Bought a lamp of fire for 520 gold pieces
 50695 | Vaults:2 | Noticed a Brimstone Fiend
 52688 | Vaults:3 | Reached XP level 21. HP: 200/200 MP: 28/28
 53093 | Vaults:3 | Found a staircase to the Crypt.
 53303 | Vaults:3 | Reached skill level 10 in Invocations
 53403 | Vaults:3 | Paralysed by a floating eye for 3 turns
 53412 | Vaults:3 | Paralysed by a floating eye for 4 turns
 54175 | Vaults:3 | Identified the +11 short sword of Mutilation {speed, rElec
                  | rF+ SInv}
 54969 | Temple   | Fell from the grace of Elyvilon
 54969 | Temple   | Became a worshipper of the Shining One
 54969 | Temple   | Reached * piety under the Shining One
 54969 | Temple   | Reached ** piety under the Shining One
 55265 | Crypt:1  | Entered Level 1 of the Crypt
 55346 | Crypt:1  | Reached *** piety under the Shining One
 55510 | Crypt:1  | Reached **** piety under the Shining One
 55657 | Crypt:1  | Reached ***** piety under the Shining One
 56001 | Crypt:2  | Reached XP level 22. HP: 191/211 MP: 31/31
 56665 | Crypt:2  | Reached ****** piety under the Shining One
 57284 | Crypt:3  | Entered Level 3 of the Crypt
 57363 | Crypt:3  | Identified the cursed +2 great sword of Fedhas's Hope
                  | {flame, rC- rN+ MR++ MP+9}
 57364 | Crypt:3  | Noticed Khufu
 57377 | Crypt:3  | Reached skill level 15 in Invocations
 57398 | Crypt:3  | Got a vibrating bone ring
 57399 | Crypt:3  | Identified the ring "Zyilu" {*Drain rElec rF+++ rN+ Stlth+}
                  | (You found it on level 3 of the Crypt)
 57550 | Crypt:3  | Found an ancient bone altar of Kikubaaqudgha.
 57842 | Crypt:3  | Noticed Mennas
 57862 | Crypt:3  | Killed Mennas
 58202 | Crypt:3  | Identified the ring "Vynwi" {rPois rN+ Str+3}
 58214 | Crypt:3  | Identified the amulet of Edyhiug {Regen+ Int+6}
 58280 | Crypt:3  | Identified the ring "Eleduiff" {*Slow rN+ MR++ Dex+5}
 58350 | Crypt:3  | Killed Khufu
 58362 | Crypt:3  | Found a staircase to the Tomb.
 58670 | Crypt:3  | Noticed a profane servitor
 58683 | Crypt:3  | Killed a profane servitor
 59198 | Orc:2    | Bought the +3 pair of gauntlets of War {Slay+5} for 1472
                  | gold pieces
 59198 | Orc:2    | Found the +3 pair of gauntlets of War {Slay+5}
 60084 | Vaults:4 | Noticed Sojobo
 60092 | Vaults:4 | Reached XP level 23. HP: 212/213 MP: 18/36
 60095 | Vaults:4 | Killed Sojobo
 60514 | Vaults:4 | Noticed Mara
 60517 | Vaults:4 | Noticed HawkI's illusion
 60526 | Vaults:4 | Killed Mara
 60659 | Vaults:4 | Found Sirufos's Assorted Antiques.
 60667 | Vaults:4 | Bought an iridescent broad axe for 315 gold pieces
 60667 | Vaults:4 | Identified the +7 broad axe "Arcanum" {chop, rElec Dex+2}
                  | (You bought it in a shop on level 4 of the Vaults)
 61033 | Vaults:4 | Found Beqelo Nisa's Jewellery Shoppe.
 61301 | Vaults:5 | Entered Level 5 of the Vaults
 61363 | Vaults:5 | Cast into level 3 of the Abyss (a deep elf demonologist)
 61368 | Vaults:5 | Escaped the Abyss
 61403 | Vaults:5 | Reached skill level 5 in Dodging
 61455 | Vaults:5 | Got a pair of warped boots
 61456 | Vaults:5 | Identified the +2 pair of boots of Autotheism {*Drain +Fly
                  | rPois rC++} (You found it on level 5 of the Vaults)
 61557 | Vaults:5 | Noticed an ancient lich
 61567 | Vaults:5 | Killed an ancient lich
 61567 | Vaults:5 | Reached XP level 24. HP: 224/224 MP: 36/36
 61600 | Vaults:5 | Gained mutation: Your body sometimes deteriorates upon
                  | taking damage. [a shining eye]
 62024 | Vaults:5 | Noticed an ancient lich
 62030 | Vaults:5 | Killed an ancient lich
 62276 | Vaults:4 | Bought a +6 amulet of reflection for 702 gold pieces
 62364 | Vaults:5 | Noticed an ancient lich
 62762 | Vaults:5 | Got a silver rune of Zot
 62959 | Vaults:5 | Killed an ancient lich
 63193 | Vaults:5 | Identified the cursed +3 whip "Undertaker" {freeze, rPois}
 63883 | Temple   | Fell from the grace of the Shining One
 63883 | Temple   | Became a worshipper of Zin the Law-Giver
 63883 | Temple   | Reached * piety under Zin
 63883 | Temple   | Reached ** piety under Zin
 63883 | Temple   | Reached *** piety under Zin
 63883 | Temple   | Reached **** piety under Zin
 64056 | Depths:1 | Entered Level 1 of the Depths
 64073 | Depths:1 | Reached XP level 25. HP: 218/240 MP: 36/36
 64083 | Depths:1 | Noticed Margery
 64102 | Depths:1 | Killed Margery
 64827 | Depths:1 | Found a gateway to Hell.
 64874 | Depths:1 | Reached ***** piety under Zin
 65529 | Depths:1 | Found a glowing golden altar of the Shining One.
 66338 | Depths:2 | Found a one-way gate to the infinite horrors of the Abyss.
 66890 | Depths:2 | Identified the cursed +1 robe of the Elephant {Str+3 Dex+2
                  | SInv Stlth+}
 67242 | Depths:2 | Found a sacrificial altar of Ru.
 67242 | Depths:2 | Found a radiant altar of Vehumet.
 67303 | Depths:2 | Reached ****** piety under Zin
 67304 | Depths:2 | Found a shattered altar of Ashenzari.
 67304 | Depths:2 | Found a shattered altar of Ashenzari.
 67321 | Depths:2 | Identified the cursed +2 great sword "Powag" {drain, rPois
                  | rN+++ Str-2 Dex-4}
 67530 | Depths:2 | Got a steaming brass ring
 67532 | Depths:2 | Identified the ring "Imezxopt" {Fire SInv} (You acquired it
                  | on level 2 of the Depths)
 67563 | Depths:2 | Found a one-way gate leading to the halls of Pandemonium.
 67677 | Depths:3 | Reached XP level 26. HP: 246/251 MP: 36/36
 68018 | Depths:3 | Found a gateway to a ziggurat.
 68396 | Depths:3 | Reached skill level 27 in Axes
 68528 | Depths:3 | Found a glowing silver altar of Zin.
 68858 | Depths:3 | Identified the Grimoire of the Flamy Frostbite
 70096 | Depths:5 | Entered Level 5 of the Depths
 70456 | Depths:5 | Found a portal to a secret trove of treasure.
 70725 | Depths:5 | Found a gate to the Realm of Zot.
 71580 | Elf:1    | Entered Level 1 of the Elven Halls
 71845 | Elf:1    | Reached XP level 27. HP: 268/268 MP: 36/36
 72354 | Elf:2    | Noticed Donald
 72372 | Elf:2    | Killed Donald
 72619 | Elf:2    | Found a huge runed translucent gate.
 72619 | Elf:2    | Found a huge runed translucent gate.
 72620 | Elf:2    | Found a huge runed translucent gate.
 72621 | Elf:2    | Found a huge runed translucent gate.
 72625 | Elf:2    | Found a huge runed translucent gate.
 72748 | Elf:2    | Identified the +2 pair of gloves "Upox" {*Contam Int+3
                  | SInv}
 72748 | Elf:2    | Noticed Nikola
 72766 | Elf:2    | Killed Nikola
 72861 | Elf:2    | Noticed Agnes
 72873 | Elf:2    | Killed Agnes
 73178 | Elf:3    | Entered Level 3 of the Elven Halls
 73366 | Elf:3    | Reached skill level 27 in Fighting
 73934 | Elf:3    | Found a shimmering blue altar of Sif Muna.
 73999 | Elf:3    | Got a serpentine diamond amulet
 74002 | Elf:3    | Identified the amulet "Liptaadatz" {RegenMP Str+5 Dex+4}
                  | (You found it on level 3 of the Elven Halls)
 74125 | Elf:3    | Identified the +1 chain mail of Poalic {rC+++ rCorr Slay-4}
 74210 | Elf:3    | Identified the amulet of Jain {Acrobat rPois MR+ Str+8
                  | Int-5}
 74223 | Elf:3    | Identified the +2 rapier of a Billion Seas {pierce, +Fly
                  | rN+ Int-5 Dex+3}
 74501 | Elf:3    | Identified the Grimoire of Virous Aid
 74554 | Elf:3    | Identified the amulet "Vafynetofe" {Harm *Drain Int+6 SInv}
 75425 | Snake:2  | Bought 2 potions of heal wounds for 240 gold pieces
 75656 | Orc:2    | Bought a shiny helmet for 262 gold pieces
 75701 | Orc:2    | Bought a shiny helmet for 232 gold pieces
 76422 | Zot:1    | Entered Level 1 of the Realm of Zot
 76433 | Zot:1    | Noticed an orb of fire
 76447 | Zot:1    | Killed an orb of fire
 82749 | Zot:5    | Entered Level 5 of the Realm of Zot
 82809 | Zot:5    | Reached skill level 27 in Invocations
 83261 | Zot:5    | Noticed an ancient lich
 83268 | Zot:5    | Killed an ancient lich
 83317 | Zot:5    | Noticed an orb of fire
 83333 | Zot:5    | Noticed an orb of fire
 83337 | Zot:5    | Killed an orb of fire
 83350 | Zot:5    | Killed an orb of fire
 83628 | Zot:5    | Noticed an orb of fire
 83647 | Zot:5    | Killed an orb of fire
 83710 | Zot:5    | Noticed an orb of fire
 83739 | Zot:5    | Killed an orb of fire
 84106 | Zot:5    | Noticed an ancient lich
 84118 | Zot:5    | Paralysed by an ancient lich for 5 turns
 84129 | Zot:5    | Killed an ancient lich
 85091 | Depths:4 | Voluntarily entered the Abyss.
 85133 | Abyss:1  | Gained mutation: Your magical capacity is low. (-10% MP) [a
                  | neqoxec]
 85214 | Abyss:1  | Learned a level 2 spell: Song of Slaying
 85334 | Abyss:1  | Lost mutation: Your body sometimes deteriorates upon taking
                  | damage. [potion of mutation]
 85335 | Abyss:1  | Lost mutation: Your magical capacity is low. (-10% MP)
                  | [potion of mutation]
 85743 | Abyss:3  | Got a steaming hand axe
 85822 | Abyss:3  | Identified Lee's Compendium of Conjuration and the Rocks
 86635 | Depths:4 | Escaped the Abyss
 86966 | Vaults:5 | Identified the +7 hand axe "Vafug" {venom, Int+6} (You
                  | found it on level 3 of the Abyss)
 87214 | Depths:2 | Voluntarily entered the Abyss.
 87269 | Abyss:1  | Found a corrupted altar of Lugonu.
 87275 | Abyss:1  | Found a corrupted altar of Lugonu.
 87637 | Abyss:1  | Found a viscous altar of Jiyva.
 88230 | Abyss:3  | Found a corrupted altar of Lugonu.
 89417 | Abyss:3  | Reached skill level 10 in Dodging
 89673 | Abyss:3  | Found a runed translucent door.
 89962 | Abyss:3  | Paralysed by accursed screaming for 1 turns
 89967 | Abyss:3  | Paralysed by accursed screaming for 1 turns
 90075 | Abyss:3  | Found a sacrificial altar of Ru.
 90329 | Abyss:4  | Found an ancient bone altar of Kikubaaqudgha.
 90381 | Abyss:4  | Found a transporter.
 90594 | Abyss:4  | Paralysed by accursed screaming for 2 turns
 90773 | Abyss:4  | Noticed an ancient lich
 90777 | Abyss:4  | Killed an ancient lich
 90789 | Abyss:4  | Found a transporter.
 90793 | Abyss:4  | Paralysed by accursed screaming for 1 turns
 90913 | Abyss:4  | Paralysed by accursed screaming for 1 turns
 90945 | Abyss:4  | Found a corrupted altar of Lugonu.
 91726 | Abyss:4  | Paralysed by accursed screaming for 2 turns
 91977 | Abyss:4  | Reached skill level 15 in Dodging
 92240 | Abyss:4  | Found a corrupted altar of Lugonu.
 92252 | Abyss:4  | Got an abyssal rune of Zot
 92310 | Depths:2 | Escaped the Abyss
 92667 | Slime:1  | Entered Level 1 of the Pits of Slime
 93077 | Slime:1  | Found a viscous altar of Jiyva.
 93218 | Slime:1  | Gained mutation: You are weak. (Str -2) [a shining eye]
 93446 | Slime:1  | You are sucked into a shaft and drop 1 floor!
 94799 | Slime:5  | Entered Level 5 of the Pits of Slime
 94805 | Slime:5  | Paralysed by a floating eye for 4 turns
 94833 | Slime:5  | Noticed the Royal Jelly
 97164 | Slime:5  | Killed the Royal Jelly
 97733 | Slime:5  | Got a slimy rune of Zot
 97812 | Slime:5  | Identified the Collected Works on Ghastly Contamination
 97920 | Slime:5  | Got a warped glass ring
 97921 | Slime:5  | Identified the ring of Daxzojok {Fire rN+ Int+4 Dex-3} (You
                  | found it on level 5 of the Pits of Slime)
 97935 | Slime:5  | Got a scintillating bronze ring
 97939 | Slime:5  | Identified the ring "Afyr" {*Tele rC+ Int+3 Dex+2} (You
                  | found it on level 5 of the Pits of Slime)
 97969 | Slime:5  | Got a heavily runed plate armour
 97970 | Slime:5  | Identified the +10 plate armour "Xopecwo" {-Tele rC+++
                  | Regen+ Str-4} (You found it on level 5 of the Pits of
                  | Slime)
 98287 | Slime:4  | Gained mutation: Your body sometimes deteriorates upon
                  | taking damage. [a shining eye]
 99153 | Depths:1 | Fell from the grace of Zin
 99153 | Depths:1 | Became a worshipper of the Shining One
 99195 | Hell     | Entered the Vestibule of Hell
 99195 | Hell     | Noticed Geryon
 99275 | Pan      | Entered Pandemonium
100999 | Pan      | Noticed Noirgh the pandemonium lord
101021 | Pan      | Killed Noirgh the pandemonium lord
101049 | Pan      | Got a demonic rune of Zot
101176 | Pan      | Found an exit through the horrors of the Abyss.
102782 | Pan      | Found a transporter.
102838 | Pan      | Found a transporter.
102898 | Pan      | Identified the cursed +1 flail "Oha Mon" {drain, rF- Str+8
                  | Int+2}
102996 | Pan      | Identified the ring "Hukuriuw" {+Fly Dex+5}
103109 | Pan      | Got a pair of shimmering gloves
103110 | Pan      | Identified the cursed -5 pair of gloves of Ceeloy {rF++ rC+
                  | Str+3 Int-2} (You found it in Pandemonium)
103208 | Pan      | Entered the realm of Lom Lobon.
103327 | Pan      | Noticed Lom Lobon
103362 | Pan      | Killed Lom Lobon
103374 | Pan      | Got a magical rune of Zot
104699 | Pan      | Entered the realm of Mnoleg.
104707 | Pan      | Gained mutation: Your body often deteriorates upon taking
                  | damage. [a cacodemon]
104803 | Pan      | Found an exit through the horrors of the Abyss.
104844 | Pan      | Gained mutation: Scrolls take you a little longer to read.
                  | [a neqoxec]
104949 | Pan      | Gained mutation: Scrolls take you longer to read. [a
                  | cacodemon]
104973 | Pan      | Gained mutation: You are very weak. (Str -4) [a neqoxec]
105076 | Pan      | Gained mutation: You are dopey. (Int -2) [a neqoxec]
105168 | Pan      | Gained mutation: You tend to lose your temper in combat. [a
                  | neqoxec]
105223 | Pan      | Noticed Mnoleg
105273 | Pan      | Killed Mnoleg
105468 | Pan      | Gained mutation: You are very dopey. (Int -4) [a neqoxec]
105511 | Pan      | Got a glowing rune of Zot
105604 | Pan      | Found an exit through the horrors of the Abyss.
106442 | Pan      | Gained mutation: Your magical capacity is low. (-10% MP) [a
                  | neqoxec]
106518 | Pan      | Gained mutation: Your spells are a little easier to cast,
                  | but a little less powerful. [a neqoxec]
106521 | Pan      | Gained mutation: Scrolls take you much longer to read. [a
                  | neqoxec]
106602 | Pan      | Entered the realm of Gloorx Vloq.
106634 | Pan      | Noticed Gloorx Vloq
106640 | Pan      | Killed Gloorx Vloq
106733 | Pan      | Got a dark rune of Zot
107464 | Pan      | Noticed Fouwk the pandemonium lord
107481 | Pan      | HP: 13/273 [??? (4)]
107549 | Pan      | Killed Fouwk the pandemonium lord
108499 | Pan      | Found an exit through the horrors of the Abyss.
108941 | Depths:2 | Escaped Pandemonium
109067 | Depths:3 | Fell from the grace of the Shining One
109067 | Depths:3 | Became a worshipper of Zin the Law-Giver
109180 | Hell     | Killed Geryon
109469 | Hell     | Found a gateway to the decaying netherworld of Tartarus.
109497 | Hell     | Found a gateway to the ashen valley of Gehenna.
109597 | Hell     | Found a gateway to the Iron City of Dis.
109651 | Hell     | Donated 1634 gold pieces to Zin
109788 | Hell     | Found a gateway to the freezing wastes of Cocytus.
109877 | Tar:1    | Entered Level 1 of Tartarus
109937 | Tar:1    | Lost mutation: You are very weak. (Str -4) [potion of
                  | mutation]
109937 | Tar:1    | Lost mutation: You are weak. (Str -2) [potion of mutation]
109937 | Tar:1    | Lost mutation: Your magical capacity is low. (-10% MP)
                  | [potion of mutation]
109937 | Tar:1    | Lost mutation: Your body often deteriorates upon taking
                  | damage. [potion of mutation]
109938 | Tar:1    | Lost mutation: Scrolls take you much longer to read.
                  | [potion of mutation]
109938 | Tar:1    | Lost mutation: You tend to lose your temper in combat.
                  | [potion of mutation]
109938 | Tar:1    | Lost mutation: You are very dopey. (Int -4) [potion of
                  | mutation]
109939 | Tar:1    | Lost mutation: Scrolls take you longer to read. [potion of
                  | mutation]
109939 | Tar:1    | Lost mutation: Your spells are a little easier to cast, but
                  | a little less powerful. [potion of mutation]
109939 | Tar:1    | Lost mutation: Your body sometimes deteriorates upon taking
                  | damage. [potion of mutation]
109940 | Tar:1    | Lost mutation: Scrolls take you a little longer to read.
                  | [potion of mutation]
109940 | Tar:1    | Lost mutation: You are dopey. (Int -2) [potion of mutation]
110029 | Depths:1 | Fell from the grace of Zin
110029 | Depths:1 | Became a worshipper of the Shining One
110117 | Pan      | Entered Pandemonium
110262 | Pan      | Noticed Iwiurch the pandemonium lord
110273 | Pan      | Killed Iwiurch the pandemonium lord
111121 | Pan      | Gained mutation: You are clumsy. (Dex -2) [a neqoxec]
111532 | Pan      | Entered the realm of Cerebov.
111672 | Pan      | Got an ancient plate armour
111673 | Pan      | Identified the +10 plate armour "Afuubis" {+Blink +Fly}
                  | (You found it in Pandemonium)
111681 | Pan      | Identified the Almanac of Toxins
111709 | Pan      | Identified Kifithy's Compendium of Hexes
111751 | Pan      | Got a steaming lapis lazuli ring
111754 | Pan      | Got a heavily runed tin ring
111755 | Pan      | Identified the ring "Gatzecs" {rPois rN+ Int+5 Dex+4} (You
                  | found it in Pandemonium)
111756 | Pan      | Identified the ring "Essunisu" {Fire Str+2 Dex+2} (You
                  | found it in Pandemonium)
111791 | Pan      | Identified Umaf's Grimoire of Floating Fire
112362 | Pan      | Found an exit through the horrors of the Abyss.
112726 | Pan      | Identified the +6 sword of Cerebov {flame}
112726 | Pan      | Noticed Cerebov
112755 | Pan      | Killed Cerebov
113120 | Pan      | Got a fiery rune of Zot
113484 | Pan      | Noticed Qierph the pandemonium lord
113496 | Pan      | Killed Qierph the pandemonium lord
113534 | Depths:2 | Escaped Pandemonium
113845 | Depths:3 | Fell from the grace of the Shining One
113845 | Depths:3 | Became a worshipper of Zin the Law-Giver
115169 | Tar:2    | Reached skill level 27 in Dodging
115281 | Tar:2    | Reached skill level 1 in Spellcasting
116081 | Coc:1    | Entered Level 1 of Cocytus
119118 | Coc:2    | Reached skill level 27 in Armour
119778 | Dis:1    | Entered Level 1 of the Iron City of Dis
123043 | Geh:1    | Entered Level 1 of Gehenna
125646 | Temple   | Fell from the grace of Zin
125646 | Temple   | Became a worshipper of the Shining One
125679 | D:6      | Bought a ration for 55 gold pieces
125679 | D:6      | Bought a ration for 55 gold pieces
125679 | D:6      | Bought a ration for 55 gold pieces
125679 | D:6      | Bought a ration for 55 gold pieces
125679 | D:6      | Bought a ration for 55 gold pieces
125679 | D:6      | Bought a ration for 55 gold pieces
125679 | D:6      | Bought a ration for 55 gold pieces
125679 | D:6      | Bought a ration for 55 gold pieces
125679 | D:6      | Bought a ration for 55 gold pieces
125679 | D:6      | Bought a ration for 55 gold pieces
125679 | D:6      | Bought a ration for 55 gold pieces
126018 | Tomb:1   | Entered Level 1 of the Tomb of the Ancients
126222 | Tomb:1   | Noticed Frederick
126231 | Tomb:1   | Reached skill level 27 in Shields
126234 | Tomb:1   | Killed Frederick
126384 | Tomb:1   | Reached skill level 1 in Maces & Flails
126417 | Tomb:1   | Noticed Jory
126440 | Tomb:1   | Reached skill level 5 in Maces & Flails
126440 | Tomb:1   | Killed Jory
129073 | Pan      | Entered Pandemonium
129106 | Pan      | Reached skill level 10 in Maces & Flails
129408 | Pan      | Found an exit through the horrors of the Abyss.
129410 | Pan      | Noticed Motussae the pandemonium lord
129428 | Pan      | Killed Motussae the pandemonium lord
130013 | Pan      | Gained mutation: Scrolls take you a little longer to read.
                  | [a neqoxec]
130370 | Pan      | Gained mutation: You are dopey. (Int -2) [a neqoxec]
130380 | Pan      | Noticed Karaonin the pandemonium lord
130388 | Pan      | Killed Karaonin the pandemonium lord
130752 | Pan      | Gained mutation: Scrolls take you longer to read. [a
                  | neqoxec]
131208 | Pan      | Noticed Gekhiker the pandemonium lord
131378 | Pan      | Gained mutation: You are very dopey. (Int -4) [a neqoxec]
131388 | Pan      | Reached skill level 15 in Maces & Flails
131466 | Pan      | Killed Gekhiker the pandemonium lord
131967 | Pan      | Found a runed translucent door.
132425 | Pan      | Found a white marble altar of Elyvilon.
132903 | Pan      | Identified the +4 large shield of Tender Moments {Str+3
                  | Dex+2}
133546 | Pan      | Identified the +7 large shield of the Eight Emperors {-Cast
                  | rElec Regen+ Str+6}
133547 | Pan      | Found a glowing silver altar of Zin.
133579 | Pan      | HP: 7/409 [daeva/divine providence (15)]
134344 | Depths:2 | Escaped Pandemonium
134597 | Pan      | Entered Pandemonium
134634 | Pan      | Found an exit through the horrors of the Abyss.
134699 | Pan      | Took an exit into the Abyss.
134699 | Abyss:1  | Escaped into the Abyss
134723 | Abyss:1  | HP: 12/273 [acid (16)]
134724 | Abyss:1  | HP: 2/273 [acid (10)]
134733 | Depths:2 | Escaped the Abyss
135160 | Pan      | Entered Pandemonium
135284 | Pan      | Noticed Quroum the pandemonium lord
135437 | Pan      | Gained mutation: You are very clumsy. (Dex -4) [a
                  | cacodemon]
135802 | Pan      | Noticed Vokkib the pandemonium lord
135808 | Pan      | Killed Vokkib the pandemonium lord
136109 | Pan      | Gained mutation: Armour fits poorly on your strangely
                  | shaped body. [a neqoxec]
136239 | Pan      | Found an exit through the horrors of the Abyss.
136267 | Pan      | Gained mutation: Your spells are a little easier to cast,
                  | but a little less powerful. [a cacodemon]
136555 | Pan      | Noticed Coisogum the pandemonium lord
136566 | Pan      | Killed Coisogum the pandemonium lord
137246 | Pan      | Noticed Caizaint the pandemonium lord
137260 | Pan      | Killed Caizaint the pandemonium lord
137335 | Depths:2 | Escaped Pandemonium
137553 | Depths:3 | Fell from the grace of the Shining One
137553 | Depths:3 | Became a worshipper of Zin the Law-Giver
140253 | Tar:2    | Reached skill level 10 in Evocations
142825 | Tar:4    | Reached skill level 15 in Evocations
143023 | Tar:4    | Lost mutation: You are very clumsy. (Dex -4) [potion of
                  | mutation]
143023 | Tar:4    | Lost mutation: Scrolls take you longer to read. [potion of
                  | mutation]
143024 | Tar:4    | Lost mutation: Armour fits poorly on your strangely shaped
                  | body. [potion of mutation]
143024 | Tar:4    | Lost mutation: Scrolls take you a little longer to read.
                  | [potion of mutation]
143025 | Tar:4    | Lost mutation: Your spells are a little easier to cast, but
                  | a little less powerful. [potion of mutation]
143025 | Tar:4    | Lost mutation: You are very dopey. (Int -4) [potion of
                  | mutation]
143025 | Tar:4    | Lost mutation: You are dopey. (Int -2) [potion of mutation]
143026 | Tar:4    | Lost mutation: You are clumsy. (Dex -2) [potion of
                  | mutation]
144911 | Zot:5    | Got the Orb of Zot
144921 | Zot:5    | Noticed Kaff the pandemonium lord
144937 | Zot:5    | Killed Kaff the pandemonium lord
145495 | Depths:5 | Noticed Cuergh the pandemonium lord
145508 | Depths:5 | Killed Cuergh the pandemonium lord
146243 | D:$      | Escaped with the Orb!

Levels and vault maps discovered:
D:1:      dpeg_arrival_yet_another_circle, layout_loops_ring
D:2:      minmay_chambers_of_ones, layout_rooms,
          chequers_ecumenical_altar_simple_redux
D:3:      layout_basic, ebering_ghost_reflecting_pool, uniq_terence,
          uniq_jessica, uniq_robin
D:4:      layout_gridville, marbit_many_paths, kennysheep_mini_moat,
          minmay_cut_off
D:5:      layout_gridville, first_ration
D:6:      layout_rooms, lemuel_coloured_pillars_altar,
          minmay_temple_entry_trees, serial_shops, shop, uniq_menkaure
D:7:      layout_layer_cave, lemuel_zombie_altar_yredelemnul
D:8:      layout_gridville, grunt_temple_overflow_opulence, kennysheep_mini,
          lair_entry_dummy, serial_shops, shop
D:9:      layout_rooms, lemuel_doored_altar, grunt_pizzeria
D:10:     layout_irregular_city, kennysheep_orc_monster_closet_entryway,
          gammafunk_ghost_necromancy
D:11:     layout_loops_cross
D:12:     minmay_glassy_protrusions, layout_cave_pools, basic_altar,
          serial_undead, serial_undead_b, serial_undead_b, serial_undead_e,
          serial_undead_d, uniq_azrael
D:13:     layout_roguey [special_room_bee], uniq_maurice
D:14:     layout_stronghold, david_vaults_4, serial_glass, glass_columns_a,
          glass_columns_c, glass_columns_a, glass_columns_a, glass_columns_a,
          glass_columns_b, glass_columns_c, glass_columns_a,
          minmay_misc_feat_hallway
D:15:     hangedman_slaughterboxes, uniq_josephine
Temple:   eino_temple_water
Lair:1:   layout_cave_pods, cheibrodos_lair_caveside_slide, lemuel_fruit_tree
Lair:2:   layout_regular_city, elwin_shoals_entry_rocks, basic_altar,
          infiniplex_staircase_pool_2, grunt_megastairs_1
Lair:3:   layout_hall_layers, serial_bayou_pond_e, uniq_nergalle
Lair:4:   mu_elephants_graveyard, layout_misc_corridors
Lair:5:   layout_layer_cave, nicolae_volcano_entry_s_turn
Lair:6:   minmay_lair_end_enchanted_forest, layout_regular_city,
          minmay_slime_entry_jelly_boxes, st_stairs_10
Shoals:1: layout_shoals, nicolae_shoals_circle_sea_wall
Shoals:2: layout_shoals, serial_shops, shop, hangedman_shoals_cup_caves
Shoals:3: layout_shoals
Shoals:4: shoals_end_grunt_garden, layout_shoals, nicolae_shoals_kraken_party
Snake:1:  layout_rooms, uniq_louise
Snake:2:  layout_layer_cave, serial_shops, shop, shop, shop,
          portal_ice_cave_entry_pillars_three
Snake:3:  layout_misc_corridors, serial_shops, shop_coins, drop_trap,
          hangedman_snake_corridor_cut, uniq_bai_suzhen, uniq_jorgrun,
          uniq_aizul, uniq_vashnia
Snake:4:  snake_pit, layout_cave_shapes, serial_shops, shop, st_stairs_14
Slime:1:  layout_caves, basic_altar
Slime:2:  layout_caves
Slime:3:  layout_caves
Slime:4:  layout_caves
Slime:5
Orc:1:    layout_caves, uniq_harold
Orc:2:    grunt_orc_community_town_hall, layout_diamond_mine,
          grunt_orc_community_big_house_2, grunt_orc_community_big_house_1,
          grunt_orc_community_house_1, grunt_orc_community_house_2,
          grunt_orc_community_house_1, grunt_orc_community_house_3,
          serial_shops, shop, nicolae_shop_crystal, nicolae_shop_waterfront,
          shop, uniq_rupert
Elf:1:    eino_elf_arrival_customs, layout_gridlike,
          minmay_elf_crystal_heptagon, lemuel_flamethrower_hall
Elf:2:    layout_loops_cross, st_stairs_10, minmay_misc_feat_columns,
          corexii_leaking_fountain, uniq_donald, uniq_nikola, uniq_agnes
Elf:3:    grunt_elf_hall_branching, layout_geoelf_castle,
          hangedman_summoners_spam
Vaults:1: vaults_room_door_hall, nicolae_vaults_ninety_degrees, st_cells,
          v_misc_26, nicolae_vaults_network_star, v_pattern_1,
          ontoclasm_vaults_pinch, v_misc_27, ontoclasm_vaults_fault,
          vaults_room_pool, layout_vaults_big_cross
Vaults:2: nicolae_vaults_arrows, nicolae_vaults_display_case,
          vaults_room_hallway, v_misc_32, nicolae_vaults_rhombus_6,
          nicolae_vaults_shelves_hall, ontoclasm_vaults_decontamination,
          nicolae_vaults_little_ls, serial_ice_b, layout_vaults_omnigrid
Vaults:3: hangedman_vaults_trim, v_misc_1, st_greater_box_1, v_misc_5,
          vaults_dpeg_hooks, v_misc_13, v_misc_2, nicolae_vaults_big_ls,
          nicolae_vaults_shelves_hall, ontoclasm_vaults_spin, vaults_dpeg_ring,
          layout_vaults_maze_snakey
Vaults:4: v_rooms_4, nicolae_vaults_network_periphery, v_misc_2,
          nicolae_vaults_inception_statues, hangedman_vaults_slice,
          nicolae_vaults_network_square, v_misc_4, v_misc_15,
          layout_vaults_chaotic_city, serial_shops, shop, nicolae_shop_crystal,
          uniq_mara, uniq_sojobo
Vaults:5
Crypt:1:  layout_gridlike
Crypt:2:  layout_chaotic_city
Crypt:3:  grunt_crypt_end_deaths_head, uniq_mennas
Tomb:1:   uniq_jory, uniq_frederick
Depths:1: layout_cave_shapes, grunt_metal_band, tso_metal_star,
          dk_noncrumbling_3, lightli_fourway_metalbox, serial_bayou_shore_a
Depths:2: minmay_the_grid_octo_tiled_squarecenter_mashed
          [minmay_the_grid_octo_toaster, minmay_the_grid_octo_shrine,
          minmay_the_grid_octo_chip, minmay_the_grid_octo_clover,
          minmay_the_grid_square_5x5_megaprize_diamond,
          minmay_the_grid_square_5x5_two_small,
          minmay_the_grid_square_5x5_six_small,
          minmay_the_grid_square_5x5_eight, minmay_the_grid_square_5x5_bridge],
          layout_gridlike, hangedman_abyss_entry_splay,
          chequers_serial_rivers_micro_e, grunt_pan_entry_sceptre, hell_entry,
          kennysheep_pointless_box, infiniplex_staircase_zigzag_4
Depths:3: evilmike_silver_temple, layout_small_grid, enter_ziggurat_b,
          pan_entry, hell_entry, nicolae_wwwww, grunt_decor_resistance
Depths:4: minmay_inner_zag, layout_gridlike, abyss_entry,
          grunt_hell_entry_dis_grunt, uniq_margery
Depths:5: evilmike_zot_entry_hall, layout_cave_pools, hell_entry, enter_trove_3
Hell
Dis:1:    layout_subdivisions
Dis:2:    layout_overlapping_boxes
Geh:1:    layout_gehenna_pools_triple, hangedman_elemental_corridor
Geh:2:    layout_gehenna_lava_caves
Geh:3:    layout_gehenna_lava_caves
Coc:1:    grunt_deathspiral_small, layout_cocytus_water_paths
Coc:2:    layout_cocytus_water_paths
Tar:1:    layout_catacombs
Tar:2:    layout_grid_maze
Tar:3:    layout_catacombs
Tar:4:    layout_catacombs, nicolae_tar_cuneiform_city
Tar:5:    layout_grid_maze, nicolae_tar_cuneiform_not
Zot:1:    lemuel_draconian_sentries_small, layout_basic
Zot:2:    layout_misc_corridors
Zot:3:    layout_misc_corridors, hangedman_elemental_corridor
Zot:4:    layout_concentric_octagons
Zot:5:    layout_misc_corridors, hangedman_zot_gyre

Skill      XL: |  1  2  3  4  5  6  7  8  9 10 11 12 13 14 15 16 17 18 19 20 21 22 23 24 25 26 27 |
---------------+----------------------------------------------------------------------------------+-----
Fighting       | 4 5 6 7 9 10 12 13 14 16 17 18 19 20 21 22 23 25 27 | 27.0
Axes           | 3 4 5 6 7 9 11 12 14 15 16 17 18 19 20 21 22 23 24 26 27 | 27.0
Armour         | 4 5 7 8 9 10 11 12 13 14 15 16 17 27 | 27.0
Shields        | 4 5 6 7 9 10 11 12 13 14 16 17 18 19 20 21 22 23 24 27 | 27.0
Dodging        | 1 2 3 4 5 27 | 27.0
Stealth        | 2 3 4 5 |  5.2
Invocations    | 3 6 7 8 9 13 18 19 27 | 27.0
Evocations     | 1 4 5 6 18 | 18.0
Spellcasting   | 4 |  4.3
Maces & Flails | 24 | 24.8

Action                   |  1- 3 |  4- 6 |  7- 9 | 10-12 | 13-15 | 16-18 | 19-21 | 22-24 | 25-27 || total
-------------------------+-------+-------+-------+-------+-------+-------+-------+-------+-------++-------
Melee: War axe           |    63 |   170 |   506 |   789 |  1764 |   318 |       |       |       ||  3610
       Flail             |       |       |     5 |       |       |       |       |       |       ||     5
       Hand axe          |       |       |       |       |    16 |    24 |       |       |     3 ||    43
       Broad axe         |       |       |       |       |       |  1056 |  1397 |   955 |  8137 || 11545
       Sacred scourge    |       |       |       |       |       |       |       |       |  1348 ||  1348
Throw: Stone             |       |       |     1 |       |       |       |       |       |       ||     1
       Throwing net      |       |       |       |       |       |     5 |       |       |       ||     5
Invok: Lesser Healing    |       |       |     1 |     2 |       |       |       |       |       ||     3
       Divine Protection |       |       |     2 |       |     2 |     2 |     1 |       |       ||     7
       Heal Other        |       |       |       |     4 |    11 |    19 |    22 |       |       ||    56
       Purification      |       |       |       |     3 |     4 |     2 |     1 |       |       ||    10
       Greater Healing   |       |       |       |     1 |     7 |     7 |     4 |       |       ||    19
       Cleansing Flame   |       |       |       |       |       |       |     2 |    27 |   123 ||   152
       Divine Shield     |       |       |       |       |       |       |     1 |    21 |    51 ||    73
       Summon Divine War |       |       |       |       |       |       |     1 |    12 |    46 ||    59
       Recite            |       |       |       |       |       |       |       |       |   133 ||   133
       Vitalisation      |       |       |       |       |       |       |       |       |   129 ||   129
       Sanctuary         |       |       |       |       |       |       |       |       |     5 ||     5
       Donate Gold       |       |       |       |       |       |       |       |       |     1 ||     1
Evoke: Wand              |     3 |       |     1 |    25 |    50 |    37 |    16 |     3 |    21 ||   156
       Phantom mirror    |       |       |       |       |     1 |       |       |       |       ||     1
       Lightning rod     |       |       |       |       |       |       |     2 |       |     1 ||     3
       Lamp of fire      |       |       |       |       |       |       |       |       |     1 ||     1
  Use: Scroll            |     1 |     6 |    11 |     8 |    21 |    25 |     8 |    18 |    67 ||   165
       Potion            |       |     2 |     3 |       |     5 |     1 |       |     2 |    65 ||    78
 Stab: Paralysed         |     4 |       |     5 |       |     5 |    15 |     5 |       |     4 ||    38
       Distracted        |       |       |       |     1 |       |     1 |       |       |     3 ||     5
       Held in net/web   |       |       |       |       |       |     3 |       |       |       ||     3
       Confused          |       |       |       |       |       |       |       |       |    89 ||    89
       Invisible         |       |       |       |       |       |       |       |       |     2 ||     2
  Eat: Chunk             |       |     6 |    10 |    13 |    14 |    11 |     7 |     7 |     7 ||    75
       Ration            |       |       |     7 |     5 |    12 |    14 |    14 |     8 |    87 ||   147
Armor: Scale mail        |    26 |    72 |     1 |       |       |       |       |       |       ||    99
       Chain mail        |       |       |    98 |       |   241 |   353 |    78 |       |       ||   770
       Plate armour      |       |       |   193 |   363 |   322 |   176 |   267 |   166 |       ||  1487
       Gold dragon scale |       |       |       |       |       |       |       |    38 |  1685 ||  1723
Dodge: Dodged            |    13 |    59 |   123 |   232 |   589 |   374 |   258 |   136 |  1678 ||  3462
Block: Shield            |    31 |   102 |   296 |   475 |  1016 |   554 |       |       |   250 ||  2724
       Large shield      |       |       |       |       |       |   567 |  1196 |   998 |  9412 || 12173
       Buckler           |       |       |       |       |       |       |     1 |       |       ||     1
       Reflection        |       |       |       |       |       |       |       |    16 |   323 ||   339
